[Event "Hungarian Youth-ch U16 2022"]
[Site "Eger"]
[Date "2022.07.23"]
[Round "1.5"]
[White "Kovacs, Veronika"]
[Black "Bodo, Boglarka"]
[Result "1-0"]
[ECO "A15"]
[WhiteElo "1633"]
[BlackElo "1722"]
[Annotator "NA RC COMBH"]
[PlyCount "45"]
[EventDate "2022.07.21"]
[EventType "tourn"]
[EventCountry "HUN"]
[SourceTitle "playchess.com"]
[Source "ChessBase"]
[SourceQuality "1"]
[TimeControl "40/5400+30:1800+30"]

1. c4 Nf6 2. Nf3 b6 3. g3 Bb7 4. Bg2 g6 5. O-O Bg7 6. d4 O-O 7. Nc3 Ne4 8. Qc2 Nxc3 9. bxc3 f5 10. d5 e6 11. Rd1 Qf6 12. Bf4 exd5 13. Be5 Qe7 14. Bxg7 Kxg7 15. cxd5 Re8 16. Nd4 Qc5 17. c4 Kg8 18. Qb2 Qxc4 19. Rdc1 Qa4 20. Rxc7 Ba6 21. d6 Nc6 22. Bd5+ Kf8 23. Nxc6 1-0

[Event "Hungarian Youth-ch U16 2022"]
[Site "Eger"]
[Date "2022.07.23"]
[Round "1.6"]
[White "Karacsonyi, Kata"]
[Black "Harkai, Emma"]
[Result "1-0"]
[ECO "C78"]
[WhiteElo "2147"]
[BlackElo "1761"]
[Annotator "TA"]
[PlyCount "53"]
[EventDate "2022.07.21"]
[EventType "tourn"]
[EventCountry "HUN"]
[SourceTitle "playchess.com"]
[Source "ChessBase"]
[SourceQuality "1"]
[TimeControl "40/5400+30:1800+30"]

1. e4 e5 2. Nf3 Nc6 3. Bb5 a6 4. Ba4 Nf6 5. O-O b5 6. Bb3 Be7 7. d3 O-O 8. a4 Bb7 9. c3 d6 10. Nbd2 h6 11. Re1 Re8 12. Nf1 Bf8 13. Ng3 (13. Bd2 $14) 13... Na5 $11 {[%emt 0:06:36] C88: Closed Ruy Lopez: Anti-Marshall Systems.} 14. Bc2 g6 {[%emt 0:07:46] [#]} (14... c5 $11) 15. h4 $146 ({White should play} 15. b4 $1 $16 Nc6 16. Be3) ({Predecessor:} 15. d4 Nc6 16. d5 Ne7 17. Qd3 bxa4 18. Bxa4 Nd7 19. b4 Bg7 20. c4 Rf8 21. Bb2 {1-0 (45) Vehi Bach,V (2420)-Munoz,M San Sebastian 1994}) 15... h5 {[%emt 0:09:11] White is slightly better.} 16. b4 Nc6 17. Bb3 Bg7 18. Qc2 Qe7 19. Ng5 $36 {[%emt 0:02:21][%mdl 2048] Keeping Black busy.} Rf8 20. Nf1 Rab8 21. Nh2 Nd8 22. d4 {[%emt 0:03:06] White is more active.} exd4 23. cxd4 Nc6 24. Nhf3 {[%emt 0:05:19] [#] Black must now prevent e5.} Ng4 {[%emt 0:03:47][%mdl 8192] Inhibits e5.} (24... Nxb4 $16 25. Qd2 c5) 25. e5 $1 $18 {[%emt 0:01:11] aiming for Qxg6.} dxe5 (25... d5 $142 26. Bxd5 Ncxe5 27. Bxb7 (27. Nxe5 Bxd5 28. axb5 Rxb5 $15) (27. Rxe5 Nxe5 28. Bxb7 Nxf3+ 29. Bxf3 Qe1+ 30. Kh2 Qxb4 $14) (27. dxe5 Bxd5 28. axb5 axb5 $11) 27... Nxf3+ 28. Nxf3 Qd6) 26. Qxg6 Nxb4 27. Qh7# {[%emt 0:00:09] White took control after the opening.  Weighted Error Value: White=0.12 (very precise) /Black=0.91} 1-0

[Event "Hungarian Youth-ch U16 2022"]
[Site "Eger"]
[Date "2022.07.23"]
[Round "1.7"]
[White "Buri, Petra Zsuzsanna"]
[Black "Sipos, Stefania"]
[Result "1-0"]
[ECO "B00"]
[WhiteElo "1784"]
[BlackElo "1802"]
[Annotator "NA RC COMBH"]
[PlyCount "77"]
[EventDate "2022.07.21"]
[EventType "tourn"]
[EventCountry "HUN"]
[SourceTitle "playchess.com"]
[Source "ChessBase"]
[SourceQuality "1"]
[TimeControl "40/5400+30:1800+30"]

1. e4 d6 2. d4 Nf6 3. Bd3 Nbd7 4. Nf3 e5 5. c3 Be7 6. O-O h6 7. Qb3 c6 8. Rd1 Qc7 9. Nbd2 Nf8 10. Bc4 Be6 11. d5 cxd5 12. exd5 Bd7 13. Bd3 Qa5 14. Qxb7 Qxd5 15. Qxd5 Nxd5 16. Be4 Bc6 17. Nc4 Nb4 18. Bxc6+ Nxc6 19. Nxd6+ Bxd6 20. Rxd6 Rc8 21. Be3 f6 22. b4 Rc7 23. Rad1 Nd7 24. a4 Ke7 25. Nh4 Rd8 26. Nf5+ Kf7 27. b5 Ne7 28. Nxe7 Kxe7 29. a5 Rb8 30. c4 Rbb7 31. Bxa7 Rxc4 32. Be3 Nc5 33. b6 Ne4 34. R6d3 Ra4 35. f3 Ng5 36. Bc5+ Ke6 37. Ra3 Rc4 38. a6 Rb8 39. a7 1-0

[Event "Hungarian Youth-ch U16 2022"]
[Site "Eger"]
[Date "2022.07.24"]
[Round "2.1"]
[White "Borzsei, Andras"]
[Black "Kocsmar, Akos"]
[Result "0-1"]
[ECO "E36"]
[WhiteElo "2002"]
[BlackElo "2061"]
[Annotator "TA"]
[PlyCount "146"]
[EventDate "2022.07.21"]
[EventType "tourn"]
[EventCountry "HUN"]
[SourceTitle "playchess.com"]
[Source "ChessBase"]
[SourceQuality "1"]
[TimeControl "40/5400+30:1800+30"]

1. d4 Nf6 2. c4 e6 3. Nc3 Bb4 4. Qc2 d5 5. a3 Bxc3+ 6. Qxc3 O-O 7. Nf3 dxc4 8. Qxc4 b6 9. e3 {[%emt 0:08:05] E36: Nimzo-Indian: Classical: 4...d5 5 a3.} (9. Bg5 $11) 9... Ba6 $15 10. Qc2 Bxf1 11. Kxf1 {[%emt 0:00:41] Black has an edge.} Nbd7 {[%emt 0:03:46] [#]} 12. Qc6 $146 ({Predecessor:} 12. Bd2 c5 13. Bc3 Rc8 14. Qe2 Ne4 15. Rc1 cxd4 16. exd4 Ndf6 17. g3 Qd5 18. Kg2 {0-1 (59) Fernandez,G (2318)-Leiva Rodriguez,J (2390) Chess.com INT 2016}) 12... Nd5 13. Bd2 Ne7 14. Qa4 c5 15. Bc3 Qc8 16. h4 Qc6 (16... Nd5 $15) 17. Qxc6 $11 Nxc6 18. Ke2 cxd4 19. Nxd4 Nxd4+ 20. Bxd4 Rfc8 21. Rac1 Kf8 22. Bc3 f6 23. Rc2 Ke8 24. Rhc1 Nb8 25. g4 Na6 26. g5 Kf7 27. Rd2 Rd8 {[%emt 0:05:07] Inhibits Rd7+.} 28. Rcd1 Rxd2+ 29. Rxd2 {[%emt 0:00:06][%mdl 4096] Endgame KRB-KRN} Ke7 {[%emt 0:00:25] Against Rd7+} 30. Kf3 Rc8 31. Kg4 Rc5 (31... Rc4+ $11 32. Rd4 Rxd4+ 33. Bxd4 Kf7) 32. Rd4 $1 $16 f5+ 33. Kg3 (33. Kh5 $142) 33... Rc7 34. h5 Nc5 $1 35. f3 {[%emt 0:00:29] Prevents Ne4+.} a5 (35... Nd7 $14) 36. Rd2 $1 Kf7 (36... g6 $16) 37. Rd6 (37. Rd8 $1 $18 ) 37... Nd7 {[%emt 0:00:29] [#]} 38. Kf2 (38. b4 $1 $16) 38... Ke7 $11 39. Rd1 Kf7 40. Kg3 e5 41. f4 Ke6 42. Kf3 Rc5 43. Rd2 Rc7 (43... g6) (43... Rd5 $11) 44. Ke2 (44. Bxe5 $16 Nxe5+ 45. fxe5) 44... g6 45. hxg6 hxg6 46. Kf3 e4+ 47. Kg3 Rc6 48. Rh2 Kd5 49. Rh7 Rd6 50. Kf2 Kc4 51. Ke2 Kd5 52. Rg7 Kc6 (52... a4 $11 {remains equal.}) 53. Bd4 ({White should try} 53. b3 $16) 53... b5 $2 (53... Kb5 $11 {and Black has nothing to worry.}) 54. Bc3 $1 $18 a4 {[%emt 0:04:06] [#]} 55. Bb4 ({Better is} 55. Re7 $1) 55... Re6 $16 56. Kd2 (56. Ba5 $16) 56... Nb6 $11 57. Bc3 Nd5 {[%emt 0:02:20] Inhibits Bf6.} 58. Bd4 b4 (58... Rd6 $1 $11) 59. axb4 $16 {[%emt 0:01:46] aiming for Ra7.} Kb5 60. Rb7+ Kc4 61. b5 Rd6 {[%emt 0:01:45][%cal Od5f4] [#]} 62. b6 $2 (62. Kc2 $1 $16) 62... Kb5 $11 63. Rf7 {[%emt 0:00:42] Hoping for b7.} Nxb6 64. Rf6 Nc4+ 65. Ke2 Kb4 66. Bc3+ Kb3 {[%emt 0:00:11] ...a3 is the strong threat.} 67. Rxd6 $4 (67. Bd4 $11) 67... Nxd6 {[%emt 0:00:01] KB-KN. Black mates.} 68. Kd1 Nc4 69. Bd4 Nxb2+ 70. Kc1 a3 71. Kb1 a2+ 72. Ka1 Nd3 73. Bc5 Ne1 {[%emt 0:00:08] Never resign too early!  Weighted Error Value: White=0.16 (very precise) /Black=0.27 (precise)} 0-1

[Event "Hungarian Youth-ch U16 2022"]
[Site "Eger"]
[Date "2022.07.24"]
[Round "2.2"]
[White "Onodi, Tamas"]
[Black "Tran, David"]
[Result "1-0"]
[ECO "A46"]
[WhiteElo "2030"]
[BlackElo "2090"]
[Annotator "TA"]
[PlyCount "167"]
[EventDate "2022.07.21"]
[EventType "tourn"]
[EventCountry "HUN"]
[SourceTitle "playchess.com"]
[Source "ChessBase"]
[SourceQuality "1"]
[TimeControl "40/5400+30:1800+30"]

1. d4 Nf6 2. Nf3 d5 3. g3 c6 4. Bg2 Bf5 5. O-O e6 6. c4 Bd6 7. b3 h6 8. Bb2 Nbd7 9. Nbd2 Qc7 {[%emt 0:02:47] D11: Slav Defence: 3 Nf3 sidelines and 3...Nf6 4 e3 Bg4.} 10. Re1 O-O 11. Rc1 Rfe8 {[%emt 0:04:53] The position is equal.} 12. a3 {[%emt 0:11:40] [#]} a5 $146 ({Predecessor:} 12... Rac8 13. b4 Qb8 14. Nh4 Bh7 15. e4 dxe4 16. Nxe4 Nxe4 17. Bxe4 Bxe4 18. Rxe4 {½-½ (29) Lindenmaier,R (2010)-Schlinkmeier,K (2160) Bayern 2002}) 13. Nb1 Rac8 14. Nfd2 Qb8 15. e4 dxe4 16. Nc3 e5 17. Ndxe4 (17. Ncxe4 $11 exd4 18. c5) 17... exd4 $17 18. Nxf6+ Nxf6 19. Qxd4 Be5 20. Qb6 Nd7 $1 21. Qe3 Bf6 22. Qf3 Be6 (22... Bg6 $17 {aiming for ...Ne5.} 23. Bh3 Ne5 24. Rxe5 Bxe5 25. Bxc8 Qxc8) 23. Na4 Bxb2 24. Nxb2 Ne5 (24... Qd6 $15 {stays ahead.}) 25. Qc3 $16 Bg4 26. Qxa5 Qd6 27. Qc3 {[%emt 0:01:06] Inhibits Qd4.} Qf6 28. f4 Nf3+ 29. Bxf3 Rxe1+ 30. Qxe1 Bxf3 31. Qc3 Rd8 32. Qxf6 gxf6 {[%emt 0:00:03][%mdl 4096] Endgame KRB-KRN} 33. Rc2 {[%emt 0:00:16] Against Rd2} b5 (33... Be4 $16 34. Re2 Bf5) 34. Kf2 $18 Be4 35. Re2 f5 (35... Bf5 $16) 36. Ke3 (36. Ke1 $18) 36... bxc4 $14 37. bxc4 c5 38. Rd2 Rb8 39. Na4 Rb3+ {[%emt 0:01:01] [#]} 40. Ke2 (40. Kf2 $1 $16) 40... Rxa3 41. Nxc5 Ra5 $2 (41... Bf3+ $1 $14 42. Kf2 Rc3) 42. Nxe4 $18 fxe4 {[%emt 0:00:07] KR-KR} 43. Ke3 Rc5 44. Rc2 f5 (44... Kf8 $142 45. Kxe4 Ke8) 45. g4 fxg4 46. Kxe4 $2 (46. Kd4 $18 {is the precise move to win.} Rc6 47. Kd5) 46... Kf7 47. Kd4 Rc8 48. Ke5 {[%emt 0:02:01] c5 is the strong threat.} h5 49. c5 {[%emt 0:00:40] Black must now prevent c6.} h4 50. c6 g3 {[%emt 0:00:54] [#]} 51. hxg3 (51. h3 $1 $16) 51... hxg3 $11 52. Kd6 {[%emt 0:00:08] White threatens c7 and mate.} Kf6 53. Rg2 $1 {[%emt 0:00:47] Intending Kd7 and mate.} Rg8 $2 {[%emt 0:02:31][%mdl 8192] White stays focused until the end.} (53... Rd8+ $11 54. Kc5 Rd3) 54. c7 Kf5 {[%emt 0:00:07] [#]} 55. Rxg3 $3 Rxg3 56. c8=Q+ Kxf4 {[%emt 0:00:09] KQ-KR} 57. Qc2 Rg5 58. Ke6 Re5+ 59. Kf6 Re3 60. Qf5+ Kg3 61. Qg5+ Kf3 62. Kf5 Rd3 63. Qf4+ Ke2 64. Ke4 Rd2 65. Qf3+ Ke1 66. Qc3 Kd1 67. Kf3 Rf2+ 68. Kg3 Rd2 69. Qb3+ Ke2 70. Qf3+ Ke1 71. Qh1+ Ke2 72. Qg1 Kd3 73. Kf3 Kc2 74. Qf1 Rd3+ 75. Ke2 (75. Ke4 $142 Rb3 76. Qc4+ Rc3 77. Qe2+ Kb3 78. Kd4 Rg3 79. Qb5+ Ka3 80. Qe5) 75... Rc3 76. Qf7 {[%emt 0:00:34] White mates.} Kb1 77. Kd2 Rc2+ 78. Kd3 Rb2 79. Qc4 Ka1 80. Qa4+ Ra2 81. Qd1+ Kb2 82. Qd2+ Ka3 83. Qc3+ Ka4 84. Kc4 {[%emt 0:00:20] Weighted Error Value: White=0.26 (precise) /Black=0.43} 1-0

[Event "Hungarian Youth-ch U16 2022"]
[Site "Eger"]
[Date "2022.07.24"]
[Round "2.4"]
[White "Szikszai, Bertalan"]
[Black "Fule, Simon"]
[Result "1-0"]
[ECO "C59"]
[WhiteElo "2153"]
[BlackElo "2271"]
[Annotator "TA"]
[PlyCount "117"]
[EventDate "2022.07.21"]
[EventType "tourn"]
[EventCountry "HUN"]
[SourceTitle "playchess.com"]
[Source "ChessBase"]
[SourceQuality "1"]
[TimeControl "40/5400+30:1800+30"]

1. e4 e5 2. Nf3 Nc6 3. Bc4 Nf6 4. Ng5 d5 5. exd5 Na5 6. Bb5+ c6 7. dxc6 bxc6 8. Be2 h6 9. Nf3 {[%emt 0:00:32] 9.Nh3 is more fashionable.} e4 10. Ne5 Bc5 {[%emt 0:00:28] aiming for ...Qd4.} 11. O-O {[%emt 0:01:26] C59: Two Knights: 4 Ng5 d5 5 exd5 Na5 5 Bb5+ c6 6 dxc6 bxc6 7 Be2.} Qd6 12. d4 Qxd4 13. Qxd4 {[%emt 0:01:21] The position is equal.} Bxd4 14. Nc4 Nxc4 15. Bxc4 O-O {[%emt 0:00:15] [#]} 16. h3 $146 ({Predecessor:} 16. Rd1 Be5 17. Nc3 Bg4 18. Re1 Bf5 19. h3 Rfd8 20. g4 Bh7 21. f4 Bxc3 22. bxc3 h5 23. Be2 {½-½ (23) Cvak,R (2370)-Susla,V (2318) LSS email 2019}) 16... Bf5 17. Re1 Rad8 18. Bb3 Nd5 (18... e3 $5 19. fxe3 Rfe8 $11) 19. Na3 Rfe8 (19... e3 $5 20. fxe3 Bc5 $11) 20. Nc4 {[%emt 0:05:52] Against e3} Bg6 21. c3 Bc5 22. Na5 $1 e3 23. Bxe3 Nxe3 (23... Bxe3 24. Nxc6 (24. fxe3 Nxe3 25. Re2 Nf5 $16) 24... Rd6 25. fxe3 $16) 24. Nb7 Nc2 25. Bxc2 Rxe1+ (25... Bxf2+ $5 26. Kxf2 Rd2+ 27. Kf3 Rxe1 28. Rxe1 Bxc2 $11) 26. Rxe1 Rd2 $2 (26... Bxf2+ $1 $14 27. Kxf2 Rd2+ 28. Re2 Rxc2) 27. Nxc5 $18 Rxc2 {[%emt 0:00:05][%mdl 4096] Endgame KRB-KRN} 28. Re8+ Kh7 29. Rb8 $1 Bf5 30. Rb7 Be6 31. Nxe6 ({Much less strong is} 31. Rxa7 Rxb2 32. Nxe6 Rb1+ 33. Kh2 fxe6 $16) 31... fxe6 32. Rxa7 Rxb2 {[%emt 0:00:06] [#] KR-KR} 33. Ra6 $1 c5 (33... e5 $16 34. a4 (34. Rxc6 Rxa2 35. h4 Kg8 $16) 34... Ra2) 34. Rc6 (34. Rxe6 $18 {is the precise move to win. Hoping for Rc6.} Rc2 35. Re3) 34... Rxa2 35. Rxc5 Kg6 36. g3 e5 $2 (36... Kf6 $16) 37. Rxe5 Rc2 38. Rc5 Kf6 39. Kg2 g6 $2 (39... Ra2 40. Rc6+ Kg5) 40. Kf3 Ke6 41. Rc6+ Kf7 42. g4 Kg7 43. h4 Kf7 44. g5 h5 45. Ke3 Rc1 46. Rf6+ (46. Kd4 $142 Rd1+ 47. Kc5) 46... Ke7 47. Kd4 (47. Rxg6 $142 Rxc3+ 48. Kf4) 47... Rh1 48. Rf4 {[%emt 0:00:43] Black must now prevent Rf6.} Kd6 49. Rf6+ (49. c4 $142 Rd1+ 50. Ke4) 49... Ke7 50. Rxg6 {[%emt 0:00:11] White is clearly winning.} Rxh4+ 51. Ke5 Rc4 52. Rg7+ Kf8 53. Rh7 Rc5+ 54. Kf6 Rc6+ {[%emt 0:00:04] [#]} 55. Kf5 $1 Rxc3 56. f4 Rh3 57. Kg6 h4 58. f5 Rh1 59. f6 {[%emt 0:00:11] Weighted Error Value: White=0.11 (very precise) /Black=0.43} 1-0

[Event "Hungarian Youth-ch U16 2022"]
[Site "Eger"]
[Date "2022.07.24"]
[Round "2.5"]
[White "Bodo, Boglarka"]
[Black "Sipos, Stefania"]
[Result "1-0"]
[ECO "C54"]
[WhiteElo "1722"]
[BlackElo "1802"]
[Annotator "NA RC COMBH"]
[PlyCount "55"]
[EventDate "2022.07.21"]
[EventType "tourn"]
[EventCountry "HUN"]
[SourceTitle "playchess.com"]
[Source "ChessBase"]
[SourceQuality "1"]
[TimeControl "40/5400+30:1800+30"]

1. e4 e5 2. Nf3 Nc6 3. Bc4 Bc5 4. c3 Nf6 5. b4 Bb6 6. d3 d6 7. a4 a6 8. a5 Ba7 9. Nbd2 O-O 10. O-O Ne7 11. Bb3 Ng6 12. Nc4 h6 13. Re1 Re8 14. h3 Be6 15. Qc2 Nh5 16. d4 Qf6 17. Qd1 Ngf4 18. Kh2 Qg6 19. Nh4 Qg5 20. g3 Bxh3 21. Rg1 Nf6 22. Bxf4 exf4 23. Kxh3 Rxe4 24. Nd2 Ree8 25. Qf3 c6 26. gxf4 Qh5 27. Qg3 g6 28. Qxg6+ 1-0

[Event "Hungarian Youth-ch U16 2022"]
[Site "Eger"]
[Date "2022.07.24"]
[Round "2.6"]
[White "Harkai, Emma"]
[Black "Buri, Petra Zsuzsanna"]
[Result "1-0"]
[ECO "B22"]
[WhiteElo "1761"]
[BlackElo "1784"]
[Annotator "NA RC COMBH"]
[PlyCount "57"]
[EventDate "2022.07.21"]
[EventType "tourn"]
[EventCountry "HUN"]
[SourceTitle "playchess.com"]
[Source "ChessBase"]
[SourceQuality "1"]
[TimeControl "40/5400+30:1800+30"]

1. e4 c5 2. c3 Nc6 3. d4 cxd4 4. cxd4 d6 5. Nc3 g6 6. Nf3 Bg7 7. Be2 e5 8. d5 Nce7 9. Qa4+ Bd7 10. Nb5 Kf8 11. Qb4 Bxb5 12. Qxb5 Nf6 13. Nd2 Rb8 14. O-O Bh6 15. Bd3 Nh5 16. g3 a6 17. Qa4 Nf6 18. Qd1 Qd7 19. Kg2 Neg8 20. Nc4 Bxc1 21. Rxc1 h5 22. h4 b6 23. Qd2 Ne7 24. Qb4 Nc8 25. Nxe5 Qe8 26. Nc6 Ra8 27. Qd4 Kg7 28. Rfe1 Rg8 29. Re3 1-0

[Event "Hungarian Youth-ch U16 2022"]
[Site "Eger"]
[Date "2022.07.24"]
[Round "2.7"]
[White "Kovacs, Veronika"]
[Black "Karacsonyi, Kata"]
[Result "0-1"]
[ECO "A37"]
[WhiteElo "1633"]
[BlackElo "2147"]
[Annotator "TA"]
[PlyCount "46"]
[EventDate "2022.07.21"]
[EventType "tourn"]
[EventCountry "HUN"]
[SourceTitle "playchess.com"]
[Source "ChessBase"]
[SourceQuality "1"]
[TimeControl "40/5400+30:1800+30"]

1. Nf3 c5 2. c4 Nc6 3. g3 g6 4. Bg2 Bg7 5. Nc3 e5 6. O-O d6 7. d3 Nge7 8. a3 O-O 9. Rb1 a5 10. Bd2 h6 11. Qa4 {[%emt 0:00:50] A37: Symmetrical English vs ...g6: 4 Bg2 Bg7 5 Nf3.} Be6 12. Rfc1 f5 13. Ne1 {[%emt 0:07:08] The position is equal.} f4 {[%emt 0:06:37] [#]} 14. Nd5 $146 (14. Qd1 $11) ({Predecessor:} 14. Nc2 Rf7 15. Qb5 Bd7 16. Qb3 Kh7 17. Ne4 a4 18. Qa2 Be6 19. b4 b6 20. b5 {1-0 (54) Csom,I-Pogats,J Budapest 1972}) 14... Nd4 $17 {[%emt 0:09:32] [#] Strongly threatening ...fxg3.} 15. Qd1 Nxd5 16. cxd5 Bg4 17. f3 Bd7 {[%emt 0:01:28] 0x0.001e3abc14dcdp-1022s more active pieces. The white rooks are badly placed.} 18. b3 (18. e3 {is a better defense.} fxe3 19. Bxe3) 18... a4 19. b4 b6 20. gxf4 (20. e3 $142 Nb3 21. Rc2) 20... exf4 $19 21. Bc3 Rf5 22. bxc5 dxc5 {[%emt 0:01:50] [#] ...Rh5 is the strong threat.} 23. Ba1 $2 (23. Nc2 Nxe2+ 24. Qxe2 Bxc3 25. d4) 23... Rh5 {[%emt 0:04:57] Black took control after the opening.  Weighted Error Value: White=0.64/Black=0.08 (flawless)} 0-1

[Event "Hungarian Youth-ch U16 2022"]
[Site "Eger"]
[Date "2022.07.25"]
[Round "3.1"]
[White "Kocsmar, Akos"]
[Black "Fule, Simon"]
[Result "1/2-1/2"]
[ECO "E91"]
[WhiteElo "2061"]
[BlackElo "2271"]
[Annotator "TA"]
[PlyCount "48"]
[EventDate "2022.07.21"]
[EventType "tourn"]
[EventCountry "HUN"]
[SourceTitle "playchess.com"]
[Source "ChessBase"]
[SourceQuality "1"]
[TimeControl "40/5400+30:1800+30"]

1. d4 Nf6 2. c4 d6 3. Nf3 g6 4. Nc3 Bg7 5. e4 O-O 6. Be2 Nbd7 7. O-O e5 8. Be3 c6 9. d5 c5 10. Ne1 Ne8 11. g4 f5 12. exf5 {[%emt 0:00:07] White is more active. E94: King's Indian: Classical: 6 Be2 e5 7 0-0: Various Black 7th moves.} gxf5 13. gxf5 Nb6 14. Kh1 $1 {[%emt 0:00:29] White is slightly better. 14.Kh1 is better than 14.Nf3.} Bxf5 15. Rg1 {15.Nf3 is vanishing.} Kh8 16. Rg5 Qd7 17. Ng2 {[%emt 0:01:11] Hoping for Nh4.} Bf6 18. Rg3 {[%emt 0:00:05] [#]} Ng7 $146 ({Predecessor:} 18... Nc8 19. Bh6 Rg8 20. Rxg8+ Kxg8 21. Ne3 Bg6 22. Bg4 Qd8 23. Be6+ Kh8 24. Qf3 Bg7 25. Bxg7+ Nxg7 26. Rg1 Ne7 27. Ne4 Bxe4 28. Qxe4 Qf8 29. Ng4 Ng6 30. Rg3 {½-½ (30) Karavade,E (2348)-Fule,S (2297) Budapest 2022}) 19. Bg5 Nc8 20. Nh4 ({Better is} 20. Qd2 $14) 20... Ne7 $1 $11 {[%emt 0:08:49] The position is equal.} 21. Qd2 Ng6 22. Bxf6 Rxf6 23. Qg5 Raf8 24. Rag1 R8f7 {[%emt 0:15:56] Weighted Error Value: White=0.11 (very precise) /Black=0.01 (flawless)} 1/2-1/2

[Event "Hungarian Youth-ch U16 2022"]
[Site "Eger"]
[Date "2022.07.25"]
[Round "3.2"]
[White "Muranyi, Peter"]
[Black "Szikszai, Bertalan"]
[Result "0-1"]
[ECO "D35"]
[WhiteElo "2018"]
[BlackElo "2153"]
[Annotator "TA"]
[PlyCount "66"]
[EventDate "2022.07.21"]
[EventType "tourn"]
[EventCountry "HUN"]
[SourceTitle "playchess.com"]
[Source "ChessBase"]
[SourceQuality "1"]
[TimeControl "40/5400+30:1800+30"]

1. d4 Nf6 2. c4 e6 3. Nc3 d5 4. cxd5 exd5 5. Bg5 c6 6. e3 h6 7. Bh4 Be6 {[%emt 0:01:05] D35: Queen's Gambit Declined: Exchange Variation.} 8. Bd3 Nbd7 9. Qc2 g5 {[%emt 0:01:10] The position is equal.} 10. Bg3 Nh5 11. Nge2 Nxg3 12. Nxg3 h5 13. O-O-O h4 14. Nf5 Qc7 15. Kb1 O-O-O 16. g4 Kb8 17. h3 Nb6 {[%emt 0:01:42] [#]} 18. Rhf1 $146 ({Predecessor:} 18. Ka1) 18... f6 19. f4 (19. a3 $11) 19... Bxf5 $15 20. Bxf5 Nc4 21. Qd3 {[%emt 0:03:36] [#]} (21. Rd3 $15) 21... Ba3 $1 $17 {[%emt 0:07:01][%mdl 512] Black is more active.} 22. Rf2 (22. Na4 Rhe8) 22... Qb6 23. Na4 Qa5 (23... Qb5 $17 24. b3 Rhe8) 24. b3 (24. Qb3 $11 Bd6 25. fxg5 fxg5 26. e4) 24... gxf4 25. Rxf4 Rhe8 $36 {[%emt 0:01:18][%mdl 2048] Black fights for an advantage.} 26. e4 {[%emt 0:00:44][%mdl 8192] This move loses the game for White.} ({White must play} 26. Rf3 $15) 26... Bd6 $19 27. Rff1 Na3+ 28. Kb2 dxe4 29. Bxe4 Nb5 {[%emt 0:00:17] [#] Threatens to win with ...Ba3+.} 30. Rf5 Qb4 {[%emt 0:00:45][%cal Od6e5] aiming for ...Be5!} 31. Nc3 $2 (31. Rxb5 Qxb5 32. Nc3) 31... Nxc3 {[%emt 0:02:34] Black is clearly winning.} 32. Qxc3 Qxc3+ 33. Kxc3 Rxe4 {[%emt 0:00:10] Weighted Error Value: White=0.56/Black=0.11 (very precise)} 0-1

[Event "Hungarian Youth-ch U16 2022"]
[Site "Eger"]
[Date "2022.07.25"]
[Round "3.3"]
[White "Tran, David"]
[Black "Pasztor, Balazs"]
[Result "1/2-1/2"]
[ECO "B51"]
[WhiteElo "2090"]
[BlackElo "2336"]
[Annotator "TA"]
[PlyCount "64"]
[EventDate "2022.07.21"]
[EventType "tourn"]
[EventCountry "HUN"]
[SourceTitle "playchess.com"]
[Source "ChessBase"]
[SourceQuality "1"]
[TimeControl "40/5400+30:1800+30"]

1. e4 c5 2. Nf3 d6 3. Bb5+ Nd7 4. O-O a6 5. Bxd7+ Bxd7 6. b3 {[%emt 0:00:35] B51: Sicilian: Moscow Variation (3 Bb5+) without 3...Bd7.} e5 7. Re1 Nf6 8. c3 {[%emt 0:04:31] The position is equal.} Qc7 9. d4 Be7 10. Nbd2 {[%emt 0:11:29] [#]} (10. dxe5 $14 {deserves consideration.} dxe5 11. c4) 10... b5 $146 ({Predecessor:} 10... O-O 11. dxe5 dxe5 12. Nc4 Rad8 13. Qc2 Bc6 14. Ncxe5 Bxe4 15. Rxe4 Nxe4 16. Qxe4 Rd1+ 17. Ne1 Bf6 18. Qe2 Rxe1+ 19. Qxe1 {½-½ (19) Backes,M (1566)-Schuenemann,R (1649) Homburg 2010}) 11. Nf1 O-O 12. Ng3 Rfe8 13. h3 h6 14. Be3 Bf8 15. Qd3 Rac8 16. Rac1 Qa5 17. Qb1 exd4 18. cxd4 c4 (18... b4 $11) 19. d5 $16 cxb3 20. axb3 Rxc1 21. Rxc1 Rc8 22. Bd4 (22. Rxc8 $16 Bxc8 23. Nd4) 22... Be7 (22... Rxc1+ $11 23. Qxc1 Be7) 23. Rxc8+ Bxc8 24. Qc2 Bd7 25. Nd2 Bd8 26. Qc3 Qxc3 27. Bxc3 a5 28. Bd4 Kf8 29. f3 g6 30. Ne2 b4 {[%emt 0:02:20] [#]} ({Resist} 30... a4 31. bxa4 bxa4 32. Nc3 $14) (30... Ng8 $11) 31. Kf2 ({Better is} 31. Be3 $1 $16) 31... h5 (31... Bb5 $11 {keeps the balance.}) 32. Nc4 Ne8 {[%emt 0:01:47] Weighted Error Value: White=0.19 (very precise) /Black=0.27 (precise)} 1/2-1/2

[Event "Hungarian Youth-ch U16 2022"]
[Site "Eger"]
[Date "2022.07.25"]
[Round "3.4"]
[White "Borzsei, Andras"]
[Black "Onodi, Tamas"]
[Result "1-0"]
[ECO "D10"]
[WhiteElo "2002"]
[BlackElo "2030"]
[Annotator "NA RC"]
[PlyCount "77"]
[EventDate "2022.07.21"]
[EventType "tourn"]
[EventCountry "HUN"]
[SourceTitle "playchess.com"]
[Source "ChessBase"]
[SourceQuality "1"]
[TimeControl "40/5400+30:1800+30"]

1. d4 d5 2. c4 c6 3. e3 Nf6 4. Nc3 g6 5. Nf3 Bg7 6. Be2 O-O 7. Bd2 Be6 8. Ng5 Bf5 9. g4 Bc8 10. h4 h6 (10... c5 $11) 11. Nh3 $14 Ne4 12. Nxe4 dxe4 13. Qc2 f5 14. Nf4 Kh7 15. O-O-O c5 16. d5 Qb6 17. Bc3 Rf7 18. Rdg1 fxg4 19. Bxg4 Bxg4 20. Rxg4 Bxc3 21. Qxc3 Rf6 22. Qe5 Qd6 23. Qxe4 Nd7 24. Nxg6 Rxg6 25. h5 Ne5 26. hxg6+ Kg7 27. Rgh4 Rh8 28. f4 Nd7 29. Qf5 Nf6 30. Qh3 h5 31. Qf3 Qa6 32. Qe2 Qxa2 33. Qc2 Qa1+ 34. Kd2 Qa5+ 35. Ke2 b5 36. e4 bxc4 37. e5 Nxd5 38. Qf5 Rf8 39. Qxh5 1-0